Map: Orbital Shipyard

Players

ShoWTimE - Winner!

  • Race: Protoss Protoss
  • League: Master

Lilbow

  • Race: Protoss Protoss
  • League: Grandmaster

Event: DreamHack ZOWIE Open Leipzig

VOD

Have the link to the VOD?

Description

Time

  • Played on: Jan. 22, 2016, 2:53 p.m.
  • Length: 9:46

All games in this series

Show
View Real Time Build Order
Export as new Build Order

ShoWTimE Protoss - Winner!

Build Orders: 1 Gate Expand, Phoenix Opening 

Get SALT Encoding   

  12  0:00  Probe (Chrono Boost)  
  13  0:11  Probe (Chrono Boost)  
  14  0:17  Pylon  
  14  0:22  Probe (Chrono Boost)  
  15  0:36  Probe (Chrono Boost), Gateway  
  15  0:42  Assimilator  
  16  0:46  Probe (Chrono Boost)  
  18  0:57  Probe (Chrono Boost)  
  18  1:07  Probe (Chrono Boost)  
  19  1:18  Nexus  
  19  1:28  Cybernetics Core  
  19  1:31  Probe (Chrono Boost)  
  20  1:36  Assimilator  
  20  1:42  Probe (Chrono Boost)  
  21  1:48  Pylon  
  21  1:52  Probe (Chrono Boost)  
  22  2:03  Probe (Chrono Boost)  
  22  2:06  Adept (Chrono Boost), Warp Gate  
  25  2:13  Probe (Chrono Boost)  
  26  2:24  Probe  
  26  2:27  Stargate  
  26  2:29  Probe  
  27  2:34  Adept (Chrono Boost)  
  27  2:36  Probe  
  31  2:39  Probe  
  32  2:45  Assimilator  
  32  2:49  Probe  
  32  2:50  Probe  
  34  3:00  Probe  
  34  3:01  Mothership Core, Adept (Chrono Boost)  
  39  3:10  Phoenix (Chrono Boost)  
  39  3:11  Probe  
  41  3:17  Pylon  
  42  3:21  Probe  
  42  3:22  Probe  
  44  3:28  Assimilator  
  31  3:34  Probe, Phoenix (Chrono Boost)  
  46  3:35  Probe  
  48  3:44  Probe  
  48  3:46  Stargate  
  48  3:47  Probe  
  50  3:52  Pylon  
  50  3:55  Probe  
  50  3:59  Probe  
  52  4:05  Probe  
  51  4:11  Probe  
  51  4:12  Phoenix (Chrono Boost)  
  51  4:16  Probe  
  49  4:23  Probe  
  51  4:26  Probe  
  54  4:34  Phoenix x2 (Chrono Boost)  
  54  4:35  Probe  
  54  4:37  Probe  
  57  4:39  Pylon  
  58  4:47  Probe  
  58  4:48  Probe  
  58  4:51  Pylon  
  60  4:57  Phoenix (Chrono Boost)  
  60  4:58  Probe  
  60  4:59  Probe  
  60  5:09  Probe  
  60  5:11  Probe  
  60  5:12  Robotics Facility  
  62  5:19  Probe  
  62  5:20  Void Ray (Chrono Boost)  
  63  5:24  Probe  
  63  5:26  Void Ray (Chrono Boost)  
  68  5:31  Pylon  
  68  5:41  Gateway x2, Probe x2  
  70  5:50  Sentry  
  70  5:53  Probe  
  70  5:54  Probe  
  74  6:04  Nexus  
  74  6:05  Probe  
  74  6:06  Probe  
  74  6:08  Observer (Chrono Boost)  
  74  6:09  Void Ray  
  77  6:17  Pylon  
  81  6:25  Void Ray  
  85  6:32  Pylon  
  85  6:36  Immortal (Chrono Boost)  
  89  6:40  Sentry  
  91  6:48  Void Ray  
  95  6:54  Pylon  
  95  6:57  Pylon  
  95  6:59  Pylon  
  95  7:08  Zealot, Void Ray  
  101  7:11  Pylon  
  101  7:13  Immortal (Chrono Boost)  
  105  7:18  Zealot x2  
  109  7:26  Pylon  
  109  7:28  Pylon  
  96  7:38  Mothership Core  
  94  7:46  Sentry, Zealot x2  
  94  7:47  Immortal (Chrono Boost), Void Ray  
  99  8:08  Stalker x2  
  99  8:09  Stalker  
  101  8:22  Immortal (Chrono Boost)  
  101  8:25  Void Ray  
  105  8:33  Stalker x2  
  105  8:34  Stalker  
  111  8:53  Immortal (Chrono Boost)  
  103  8:57  Stalker x3  
  109  9:06  Void Ray (Chrono Boost)  
  113  9:20  Stalker  
  113  9:21  Stalker x2  
  119  9:24  Pylon  
  116  9:44  Stalker x3  
Show
View Real Time Build Order
Export as new Build Order

Lilbow Protoss 

Build Orders: 1 Gate Expand, Oracle Opening 

Get SALT Encoding   

  12  0:00  Probe (Chrono Boost)  
  13  0:11  Probe (Chrono Boost)  
  14  0:18  Pylon  
  14  0:22  Probe (Chrono Boost)  
  15  0:36  Gateway, Probe (Chrono Boost)  
  15  0:41  Assimilator  
  16  0:47  Probe (Chrono Boost)  
  17  0:57  Probe (Chrono Boost)  
  18  1:08  Probe (Chrono Boost)  
  19  1:18  Nexus  
  19  1:27  Cybernetics Core  
  19  1:33  Assimilator  
  19  1:34  Probe (Chrono Boost)  
  20  1:41  Pylon  
  20  1:45  Probe (Chrono Boost)  
  21  1:55  Probe (Chrono Boost)  
  22  2:03  Adept  
  22  2:04  Warp Gate  
  22  2:06  Probe (Chrono Boost)  
  25  2:17  Probe (Chrono Boost)  
  26  2:23  Stargate  
  26  2:27  Probe (Chrono Boost)  
  27  2:30  Probe (Chrono Boost), Adept  
  30  2:38  Probe (Chrono Boost)  
  30  2:41  Probe (Chrono Boost)  
  30  2:42  Assimilator  
  32  2:48  Probe (Chrono Boost)  
  34  2:51  Probe (Chrono Boost)  
  34  2:57  Adept  
  36  2:59  Probe (Chrono Boost)  
  36  3:01  Probe (Chrono Boost)  
  38  3:06  Oracle (Chrono Boost)  
  38  3:09  Probe  
  38  3:10  Probe  
  38  3:11  Pylon  
  43  3:20  Mothership Core (Chrono Boost)  
  43  3:21  Probe  
  46  3:29  Robotics Facility  
  46  3:34  Probe (Chrono Boost)  
  47  3:37  Pylon  
  47  3:41  Probe (Chrono Boost)  
  47  3:45  Probe (Chrono Boost)  
  49  3:52  Probe (Chrono Boost)  
  49  3:53  Assimilator  
  50  3:56  Probe (Chrono Boost)  
  52  4:02  Probe (Chrono Boost)  
  52  4:06  Probe (Chrono Boost)  
  53  4:13  Probe (Chrono Boost)  
  53  4:16  Twilight Council  
  50  4:17  Probe (Chrono Boost)  
  50  4:24  Probe (Chrono Boost)  
  49  4:27  Probe (Chrono Boost)  
  49  4:30  Stalker  
  49  4:31  Gateway  
  50  4:34  Probe (Chrono Boost)  
  50  4:37  Gateway x2  
  50  4:38  Probe (Chrono Boost), Pylon  
  52  4:42  Gateway  
  52  4:45  Probe (Chrono Boost)  
  52  4:53  Stalker  
  52  4:56  Probe (Chrono Boost)  
  52  4:58  Probe (Chrono Boost)  
  51  5:18  Probe (Chrono Boost)  
  51  5:19  Blink (Chrono Boost)  
  51  5:29  Mothership Core (Chrono Boost)  
  51  5:30  Stalker  
  51  5:31  Stalker  
  51  5:32  Stalker x2  
  58  5:38  Stalker  
  60  5:48  Probe  
  60  5:49  Probe  
  60  5:56  Stalker x4  
  69  5:59  Probe  
  69  6:01  Mothership Core  
  70  6:08  Pylon x2  
  70  6:12  Gateway  
  70  6:19  Pylon  
  70  6:20  Probe  
  70  6:22  Probe  
  68  6:29  Stalker x5  
  78  6:37  Gateway  
  78  6:40  Pylon  
  77  6:52  Stalker x2  
  77  6:53  Stalker x3  
  87  7:03  Probe  
  87  7:04  Probe  
  86  7:10  Stalker  
  88  7:22  Stalker x4  
  94  7:23  Stalker  
  86  7:42  Stalker x2  
  88  7:47  Stalker x4  
  72  8:14  Sentry, Stalker  
  72  8:15  Stalker x5  
  86  8:36  Stalker x2  
  86  8:38  Stalker  
  86  8:39  Stalker x3  
  98  8:41  Stalker  
  73  8:56  Stalker  
  73  8:57  Stalker  
  77  9:03  Adept x3  
  77  9:04  Adept  
  77  9:07  Sentry  
  85  9:19  Adept x2  
  89  9:24  Stalker  
  89  9:25  Stalker  

Tags
 
Add a new tag
Caveats
  • Supply blocks, unpowered buildings, or Contaminate may cause inaccurate times.
  • Supply counts are checked every 10 seconds.